 Dungeon Crawl Stone Soup version 0.23.1 (webtiles) character file.

Game seed: 12424098454727640574

33 wolfsongas the Grave Robber (level 3, -1/24 HPs)
             Began as a Demonspawn Necromancer on Mar 2, 2019.
             Slain by a hobgoblin (3 damage)
             ... on level 1 of the Dungeon.
             The game lasted 00:03:20 (1681 turns).

wolfsongas the Grave Robber (DsNe)                  Turns: 1681, Time: 00:03:21

Health: -1/24      AC:  7    Str:  9    XL:     3   Next: 12%
Magic:  4/6        EV: 10    Int: 21    God:
Gold:   39         SH:  0    Dex: 13    Spells: 5/6 levels left

rFire    . . .     SeeInvis .   b - +0 dagger (vamp)
rCold    + . .     Gourm    .   (no shield)
rNeg     . . .     Faith    .   a - +2 ring mail {rC+}
rPois    .         Spirit   .   (helmet restricted)
rElec    .         Reflect  .   (no cloak)
rCorr    .         Harm     .   (no gloves)
MR       .....                  (no boots)
Stlth    +.........             (no amulet)
HPRegen  0.08/turn              (no ring)
MPRegen  0.10/turn              (no ring)

@: brilliant, lethally poisoned (-1 -> -2)
A: horns 1
a: no special abilities


You were on level 1 of the Dungeon.
You were not hungry.

You visited 1 branch of the dungeon, and saw 2 of its levels.

You collected 39 gold pieces.

Inventory:

Hand Weapons
 b - a +0 vampiric dagger (weapon)
Armour
 a - a +2 ring mail of cold resistance (worn)
Scrolls
 c - a scroll of remove curse {unknown}
 e - 2 scrolls of teleportation {unknown}


   Skills:
 + Level 2.2 Dodging
 - Level 1.7 Stealth
 + Level 2.3 Spellcasting
 * Level 5.0 Necromancy


You had 5 spell levels left.
You knew the following spells:

 Your Spells              Type           Power        Failure   Level  Hunger
a - Pain                  Necr           ####         1%          1    None

Your spell library contained the following spells:

 Spells                   Type           Power        Failure   Level  Hunger
 Animate Skeleton         Necr           N/A          1%          1    None
 Vampiric Draining        Necr           #####.....   1%          3    ###....
 Regeneration             Chrm/Necr      ####......   4%          3    ###....
 Animate Dead             Necr           N/A          6%          4    ####...


Dungeon Overview and Level Annotations

Branches:
Dungeon (2/15)

Altars:
Nemelex Xobeh


Innate Abilities, Weirdness & Mutations

You have a pair of small horns on your head.


Message History

The hobgoblin is almost dead.
The hobgoblin hits you.
* * * LOW HITPOINT WARNING * * *
You hit the hobgoblin but do no damage.
The hobgoblin is almost dead.
The hobgoblin barely misses you.
You hit the hobgoblin but do no damage.
The hobgoblin is almost dead.
You feel sick. The hobgoblin barely misses you.
You completely miss the hobgoblin.
The hobgoblin is almost dead.
The hobgoblin hits you.
* * * LOW HITPOINT WARNING * * *
You hit the hobgoblin but do no damage. Your headbutt misses the hobgoblin.
The hobgoblin is almost dead.
The hobgoblin barely misses you.
You hit the hobgoblin but do no damage. Your headbutt misses the hobgoblin.
The hobgoblin is almost dead.
The hobgoblin hits you.
You die...

######### #.# #.# #.# #.#
#.# ########.#############
######...........##.......#
#......####g#.##.##.#####.#
#.###### #.@.>#.##.# #.#
#.# #†.....##.#####.# #.#
#.............#.# #.#
#.#.##⌠.⌠.###.#.# #.#
#......_..# #.#.#
#####.####
###.##⌠.⌠.###.#.#
#........#
##'###.........###
#.#...##.#
##...########.#...#
#......#.# ##.....##
#...#.#


You could see a hobgoblin.

Vanquished Creatures
  2 adders
  A dart slug (D:1)
  A leopard gecko (D:1)
  2 goblins (D:1)
  2 kobolds (D:1)
  2 bats (D:1)
  3 frilled lizards (D:1)
  2 rats (D:1)
15 creatures vanquished.

Notes
Turn   | Place    | Note
-------+----------+-------------------------------------------
     0 | D:1      | wolfsongas the Demonspawn Necromancer began the quest for
                  | the Orb.
     0 | D:1      | Reached XP level 1. HP: 13/13 MP: 3/3
  1222 | D:1      | Gained mutation: You have a pair of small horns on your
                  | head. [demonic ancestry]
  1222 | D:1      | Reached XP level 2. HP: 19/19 MP: 5/5
  1276 | D:1      | Found a sparkling altar of Nemelex Xobeh.
  1666 | D:1      | Reached skill level 5 in Necromancy
  1666 | D:1      | Reached XP level 3. HP: 11/24 MP: 2/6
  1681 | D:1      | Slain by a hobgoblin

Skill      XL: |  1  2 |
---------------+-------+-----
Dodging        | 2 |  2.2
Necromancy     | 5 |  5.0
Stealth        | |  1.7
Spellcasting   | |  2.3

Action                   || total
-------------------------++-------
Melee: Dagger            ||    85
       Unarmed           ||    10
       Headbutt          ||     4
 Cast: Pain              ||    10
  Use: Potion            ||     1
  Eat: Ration            ||     2
       Chunk             ||     1
Armor: Ring mail         ||    45
       Robe              ||     1
Dodge: Dodged            ||    54
